Map: Disco Bloodbath LE

Players

SpeCial - Winner!

  • Race: Terran Terran
  • Spawn Location: 9:00

Cham

  • Race: Zerg Zerg
  • Spawn Location: 3:00

VOD

Have the link to the VOD?

Description

Time

  • Played on: Sept. 6, 2019, 7:05 p.m.
  • Length: 13:10
Show
View Real Time Build Order
Export as new Build Order

SpeCial Terran - Winner!

Build Orders: Hellion Opening, Reaper Expand, Mech 

Get SALT Encoding   

  12  0:00  SCV  
  13  0:12  SCV  
  14  0:16  Supply Depot  
  14  0:25  SCV  
  15  0:38  SCV  
  15  0:41  Barracks  
  16  0:43  Refinery  
  16  0:50  SCV  
  17  1:02  SCV  
  18  1:14  SCV  
  19  1:27  Orbital Command, Reaper  
  20  1:37  Command Center  
  20  1:47  Supply Depot  
  20  1:53  SCV  
  21  1:59  Marine  
  22  2:05  SCV  
  22  2:08  Factory  
  23  2:12  Refinery  
  23  2:17  SCV  
  23  2:22  Barracks Reactor  
  24  2:29  SCV  
  25  2:41  SCV  
  26  2:50  Orbital Command  
  26  2:53  Starport  
  26  2:54  SCV  
  27  3:03  Hellion x2  
  31  3:06  SCV  
  31  3:07  Barracks Tech Lab  
  32  3:16  SCV  
  32  3:18  SCV  
  34  3:20  Supply Depot  
  34  3:24  Hellion x2  
  38  3:28  SCV  
  38  3:30  SCV  
  38  3:32  Marine  
  41  3:37  Raven  
  41  3:41  SCV  
  44  3:42  SCV  
  44  3:44  Supply Depot  
  44  3:47  Hellion x2  
  49  3:53  SCV  
  49  3:54  SCV  
  51  4:07  Command Center  
  51  4:08  Hellion, Supply Depot  
  55  4:10  Hellion  
  55  4:11  SCV  
  55  4:12  SCV  
  57  4:19  Barracks Tech Lab  
  57  4:20  Raven  
  59  4:26  SCV x2  
  61  4:37  Factory Reactor  
  61  4:38  SCV x2  
  61  4:39  Marine  
  61  4:41  Barracks  
  61  4:42  Stimpack  
  64  4:50  SCV, Barracks  
  64  4:51  SCV  
  66  4:57  Marine  
  67  5:03  SCV x2  
  67  5:05  Engineering Bay x2  
  65  5:15  Marine, Starport Reactor, SCV  
  65  5:17  SCV  
  65  5:18  Refinery  
  65  5:19  Orbital Command, Refinery  
  68  5:27  SCV  
  69  5:29  Marine, SCV  
  69  5:30  Marine  
  69  5:33  Terran Infantry Armor Level 1, Terran Infantry Weapons Level 1  
  69  5:34  Barracks  
  72  5:36  Barracks  
  72  5:39  SCV  
  72  5:41  SCV  
  74  5:45  Marine  
  74  5:47  Marine x3  
  76  5:51  SCV  
  76  5:54  SCV  
  76  5:56  Medivac  
  76  6:02  Marine  
  76  6:03  Marine  
  72  6:04  Orbital Command  
  72  6:07  Medivac  
  72  6:09  SCV  
  74  6:15  Marine x3, Supply Depot  
  74  6:16  Supply Depot  
  74  6:17  SCV  
  78  6:20  Marine x2  
  78  6:21  SCV  
  78  6:23  Siege Tank  
  84  6:28  Barracks Reactor x2  
  84  6:29  SCV  
  85  6:33  Combat Shield  
  85  6:36  Marine  
  85  6:37  SCV x2  
  88  6:41  SCV  
  88  6:42  Supply Depot  
  88  6:43  Supply Depot  
  88  6:45  Marine  
  88  6:46  Marine x2  
  92  6:48  Marine  
  92  6:49  SCV x2  
  92  6:53  SCV, Medivac, Armory  
  98  6:54  Marine, Refinery x2  
  98  7:01  SCV x2  
  99  7:03  Medivac  
  99  7:04  Marine x4  
  99  7:05  Marine x4, SCV  
  99  7:06  Supply Depot  
  99  7:07  Supply Depot  
  110  7:10  Supply Depot  
  110  7:12  Marine, Siege Tank  
  110  7:13  SCV x2  
  116  7:21  Marine  
  116  7:22  Marine  
  117  7:28  Marine x3, SCV, Marauder  
  123  7:30  Factory  
  123  7:33  SCV x2  
  123  7:35  Supply Depot  
  125  7:37  Marine x3, Factory  
  125  7:39  Marine  
  125  7:40  Marine, SCV  
  125  7:44  Terran Infantry Weapons Level 2  
  128  7:50  Terran Infantry Armor Level 2  
  128  7:51  Marine x4  
  128  7:55  Marine x3  
  128  7:57  Marine  
  128  7:58  Marine  
  136  8:06  Terran Vehicle Weapons Level 1  
  136  8:08  Supply Depot  
  136  8:09  Marine x4  
  140  8:14  Marine  
  140  8:15  Marine  
  140  8:16  Factory Tech Lab  
  142  8:20  Siege Tank  
  142  8:23  Marine x2  
  143  8:28  Marine x2  
  143  8:30  Marine x3  
  143  8:32  Marine  
  143  8:33  Factory Tech Lab, Supply Depot x2  
  147  8:35  Siege Tank, Factory Reactor  
  147  8:37  Marine  
  147  8:39  Barracks  
  147  8:40  Barracks  
  151  8:41  Marine x2  
  151  8:46  Marine x2  
  155  8:50  Command Center  
  155  8:52  Marauder  
  155  8:54  Marine x3, Siege Tank  
  155  8:55  Marine  
  164  8:58  Drilling Claws  
  164  8:59  Marine x2  
  166  9:04  Marine x2  
  168  9:12  Marine x3  
  168  9:13  Marine  
  168  9:15  Marauder  
  169  9:17  Marine  
  169  9:22  Marine  
  133  9:24  Marine x2  
  133  9:27  Siege Tank x2, Widow Mine x2  
  133  9:30  Marine x3  
  149  9:34  Marine  
  149  9:37  Marauder  
  153  9:43  Barracks Tech Lab x2  
  153  9:44  Marine x4  
  155  9:47  Marine  
  155  9:48  Widow Mine x2  
  155  9:50  Marine x2  
  155  9:52  Marine  
  163  9:58  Marauder  
  163  9:59  Siege Tank x2  
  171  10:01  Marine x2  
  171  10:02  Marine  
  171  10:03  Marine x2  
  168  10:11  Marine, Marauder  
  158  10:15  Marine, Medivac x2, Widow Mine x2  
  158  10:20  Marauder  
  169  10:22  Marine  
  169  10:23  Marine  
  169  10:24  Marine  
  169  10:26  Command Center  
  169  10:28  Marine  
  172  10:31  Widow Mine  
  175  10:41  Marauder  
  176  10:45  SCV x3  
  179  10:55  Marine  
  179  10:56  Marauder  
  181  11:01  Marine x4, Marauder  
  181  11:02  Marauder  
  186  11:09  Marine  
  186  11:10  Barracks  
  186  11:13  Terran Vehicle And Ship Armor Level 1  
  186  11:14  Marine x2  
  186  11:16  Marine  
  187  11:19  Marine  
  187  11:21  Planetary Fortress  
  188  11:25  Concussive Shells  
  188  11:37  Marine x2  
  188  11:38  Marauder x2  
  188  11:39  Marine, Marauder  
  190  11:42  Marine x2  
  190  11:43  Widow Mine x2  
  190  11:45  Widow Mine  
  190  11:46  Marine x2  
  190  11:47  Marine  
  151  11:55  Marine x2  
  151  11:56  Marine  
  151  11:59  Marauder x2  
  151  12:00  Marine x2  
  151  12:01  Marauder  
  162  12:02  Widow Mine  
  162  12:04  Marine x3, Widow Mine x2  
  162  12:06  Widow Mine  
  171  12:13  Marine x2  
  171  12:14  Marine  
  174  12:17  Marine  
  174  12:18  Marine  
  174  12:21  Marauder x2  
  174  12:22  Marine x3, Marauder  
  167  12:30  Marine  
  167  12:31  Marine  
  167  12:32  Marine  
  167  12:34  Widow Mine x2  
  167  12:35  Marine x2  
  168  12:40  Marine x3  
  168  12:42  Marauder x2  
  168  12:43  Marauder  
  173  12:44  Barracks Tech Lab  
  173  12:47  Widow Mine  
  173  12:48  Marine, Widow Mine  
  173  12:49  Marine  
Show
View Real Time Build Order
Export as new Build Order

Cham Zerg 

Build Orders: Hatch First 

Get SALT Encoding   

  12  0:01  Drone  
  13  0:08  Drone  
  14  0:17  Overlord  
  14  0:35  Drone x2  
  16  0:47  Hatchery  
  15  0:52  Drone  
  15  0:56  Drone  
  17  1:00  Drone  
  18  1:10  Extractor  
  17  1:14  Spawning Pool  
  17  1:17  Drone  
  17  1:21  Drone  
  18  1:29  Drone  
  19  1:53  Overlord, Drone  
  20  2:00  Queen x2  
  24  2:01  Zergling x4  
  26  2:12  Drone  
  26  2:14  Metabolic Boost  
  27  2:27  Hatchery  
  26  2:32  Extractor  
  26  2:33  Drone  
  26  2:36  Drone x2  
  29  2:45  Queen  
  29  2:49  Drone  
  29  2:50  Drone  
  33  2:51  Drone  
  34  2:58  Overlord  
  34  3:00  Drone  
  34  3:03  Drone  
  36  3:14  Overlord  
  36  3:17  Drone x2  
  36  3:18  Drone x3  
  41  3:26  Roach Warren  
  40  3:28  Queen  
  42  3:34  Drone x2  
  42  3:36  Drone  
  42  3:41  Queen  
  45  3:47  Overlord  
  47  3:49  Drone x3  
  47  3:50  Zergling x2  
  47  3:52  Zergling x2  
  52  3:56  Drone x2  
  54  4:03  Drone  
  54  4:04  Drone  
  54  4:05  Drone  
  54  4:07  Overlord  
  57  4:11  Roach x2  
  57  4:12  Roach  
  57  4:16  Roach  
  65  4:23  Overlord x2  
  65  4:28  Roach  
  65  4:29  Drone x4  
  65  4:30  Drone  
  72  4:32  Spore Crawler  
  72  4:33  Spore Crawler  
  72  4:35  Spore Crawler  
  72  4:37  Drone  
  70  4:40  Drone x2  
  70  4:41  Overlord  
  70  4:43  Drone  
  73  4:45  Drone  
  73  4:46  Drone  
  73  4:48  Drone  
  73  4:52  Drone  
  69  5:07  Roach x2  
  69  5:08  Roach x2, Drone  
  69  5:09  Drone x2  
  69  5:13  Overlord, Drone x2  
  80  5:15  Lair  
  80  5:19  Extractor x2  
  80  5:21  Extractor  
  77  5:22  Overlord, Extractor  
  77  5:23  Drone x2  
  77  5:29  Baneling Nest  
  77  5:31  Evolution Chamber  
  77  5:34  Drone x3  
  77  5:35  Evolution Chamber  
  74  5:40  Drone x3  
  74  5:41  Drone x2  
  78  5:48  Drone  
  78  5:49  Drone x2  
  78  5:50  Drone x2  
  78  5:53  Drone  
  76  5:59  Drone x2  
  76  6:06  Drone x3  
  76  6:07  Drone  
  76  6:08  Drone x2  
  82  6:15  Drone x3  
  85  6:19  Zerg Ground Armor Level 1, Zerg Melee Weapons Level 1, Hatchery  
  84  6:26  Drone x3  
  84  6:30  Roach x4  
  84  6:32  Zergling x4  
  97  6:38  Zergling x2  
  97  6:39  Zergling x2  
  99  6:41  Ravager  
  99  6:51  Centrifical Hooks  
  99  6:52  Zergling x2  
  99  6:53  Zergling x10  
  105  7:04  Zergling x8  
  105  7:05  Zergling x8  
  105  7:08  Ravager  
  114  7:09  Baneling x7  
  114  7:11  Overlord  
  112  7:23  Drone x2  
  112  7:24  Overlord x2  
  112  7:26  Pneumatized Carapace  
  112  7:27  Overlord x2  
  114  7:30  Drone x4  
  114  7:33  Drone x3  
  114  7:34  Drone  
  114  7:35  Overlord  
  114  7:36  Overlord  
  122  7:42  Overlord x2  
  118  7:52  Zergling x12  
  124  8:01  Zergling x16  
  124  8:03  Infestation Pit  
  124  8:04  Drone x2  
  124  8:05  Overlord  
  133  8:06  Extractor  
  133  8:08  Extractor  
  133  8:12  Zergling x2  
  130  8:13  Baneling x4  
  130  8:15  Zerg Melee Weapons Level 2, Zerg Ground Armor Level 2  
  130  8:17  Drone x2  
  131  8:21  Zergling x8  
  130  8:29  Zergling x6  
  131  8:35  Zergling x4  
  131  8:38  Drone  
  131  8:39  Hive  
  134  8:41  Ravager x2  
  134  8:42  Ravager  
  134  8:43  Baneling x6  
  134  8:44  Zergling x4  
  134  8:46  Zergling x4  
  141  8:48  Zergling x4  
  141  8:49  Zergling x16  
  141  8:53  Baneling x2  
  151  8:56  Zergling x6, Hatchery  
  151  8:59  Zergling x2  
  151  9:01  Baneling  
  154  9:04  Zergling x6  
  156  9:10  Zergling x2  
  156  9:11  Zergling x2  
  150  9:22  Drone x3  
  150  9:23  Zergling x2  
  150  9:24  Zergling x4  
  133  9:30  Zergling x18  
  142  9:34  Extractor  
  142  9:43  Drone x5  
  142  9:44  Drone x3  
  150  9:51  Zergling x4, Adrenal Glands  
  152  9:54  Viper x2  
  152  9:56  Ultralisk Cavern  
  152  9:57  Spire  
  156  10:00  Zergling x6  
  142  10:15  Ravager  
  142  10:16  Ravager x3  
  142  10:18  Hatchery  
  142  10:19  Zergling x26  
  154  10:29  Drone x3  
  154  10:30  Extractor  
  154  10:31  Drone  
  154  10:34  Drone  
  154  10:35  Drone x3  
  160  10:39  Extractor  
  159  10:47  Zergling x12  
  159  10:48  Baneling x8  
  165  10:54  Zergling x4  
  165  10:55  Baneling x6  
  165  10:56  Baneling x3  
  167  11:01  Baneling x3  
  165  11:08  Zergling x12  
  168  11:14  Baneling  
  168  11:15  Baneling x4  
  168  11:17  Zergling x8  
  172  11:21  Zergling x4  
  174  11:27  Zergling x4  
  174  11:30  Baneling x3  
  173  11:33  Zergling x2, Ultralisk x2  
  173  11:34  Zergling x2  
  127  11:52  Zergling x14, Ultralisk  
  136  12:00  Corruptor x3  
  138  12:01  Zergling x4  
  138  12:02  Zergling x2  
  138  12:06  Corruptor  
  138  12:07  Zergling x4  
  138  12:08  Zergling x6  
  146  12:11  Baneling x3  
  142  12:22  Corruptor x2  
  137  12:23  Zergling x2  
  137  12:27  Hatchery  
  137  12:29  Overseer  
  125  12:31  Corruptor  
  125  12:32  Zergling x8  
  121  12:46  Zergling x12  
  121  12:51  Zergling x2  
Tags
 
Add a new tag
Caveats
  • Supply blocks, unpowered buildings, or Contaminate may cause inaccurate times.
  • Supply counts are checked every 10 seconds.